 Dungeon Sprint DCSS version 0.22-a0-367-gb72a975 (webtiles) character file.

53 KristoblXynda the Slasher (level 3, -6/43 HPs)
             Began as a Draconian Gladiator on Apr 22, 2018.
             Mangled by a water elemental (9 damage)
             ... in the Dungeon (Sprint III: "The Ten Rune Challenge").
             The game lasted 00:02:31 (439 turns).

KristoblXynda the Slasher (Draconian Gladiator)      Turns: 439, Time: 00:02:32

Health: -6/43      AC:  6    Str: 21    XL:     3   Next: 62%
Magic:  3/3        EV: 14    Int:  9    God:
Gold:   16         SH:  0    Dex: 12    Spells: 2/2 levels left

rFire    . . .     SeeInvis .   a - +0 long sword
rCold    . . .     Gourm    .   (no shield)
rNeg     . . .     Faith    .   (armour unavailable)
rPois    .         Spirit   .   b - +0 hat
rElec    .         Reflect  .   k - +0 cloak
rCorr    .         Harm     .   (no gloves)
MR       .....     NoTele   +   (no boots)
Stlth    ..........             (no amulet)
HPRegen  0.14/turn              (no ring)
MPRegen  0.08/turn              (no ring)

@: berserking, engulfed (cannot breathe), very quick
A: unfitting armour, cold-blooded, AC +5
a: no special abilities


You were in the Dungeon.
You were not hungry.

You visited 1 branch You collected 16 gold pieces.

Inventory:

Hand Weapons
 a - a +0 long sword (weapon)
Missiles
 c - 2 throwing nets (quivered)
Armour
 b - a +0 hat (worn)
 k - a +0 cloak (worn)
Scrolls
 j - a scroll of blinking
 m - a scroll of holy word {unknown}
 n - a scroll of magic mapping {unknown}
 o - 3 scrolls of remove curse
 p - a scroll of torment
Potions
 e - 2 potions of curing
 f - a potion of heal wounds
 g - a potion of haste
 h - 2 potions of magic
 l - 5 potions of mutation
 r - a potion of flight
Comestibles
 d - 4 rations


   Skills:
 - Level 2.1 Fighting
 * Level 6.4 Long Blades
 - Level 2.3 Throwing
 + Level 4.5 Dodging


You had 2 spell levels left.
You didn't know any spells.

Dungeon Overview and Level Annotations

Branches:
Dungeon (1/1)

Altars:


Innate Abilities, Weirdness & Mutations

Your plain brown scales are hard. (AC +5)
You cannot fit into any form of body armour.
You are cold-blooded and may be slowed by cold attacks.


Message History

There is an open door to the Ecumenical Temple here.
The water elemental hits you!
The water elemental engulfs you in water!
You barely miss the water elemental.
Your lungs strain for air!
The water elemental completely misses you.
A red film seems to cover your vision as you go berserk!
You feel yourself moving faster!
You feel mighty!
Your lungs strain for air!
The water elemental hits you.
You closely miss the water elemental.
Your tail-slap misses the water elemental.
* * * LOW HITPOINT WARNING * * *
Your lungs strain for air!
You slash the water elemental!
The water elemental is moderately damaged.
* * * LOW HITPOINT WARNING * * *
Your lungs strain for air!
The water elemental hits you!
You die...

▓▓▓▓▓▓▓▓▓▓▓ ▓▓▓
<.#..'....♣♣♣ ♣.#
..#..#......♣ ♣.#
#'####......♣ ♣♣.#
.....#...÷≈.♣♣♣..###+#+##
.....#...≈≈♣.♣♣♣.#.......
.....#..≈≈≈≈♣..♣.E.⌠.....
####'#..≈≈≈≈≈≈..@#...####
.....#.≈≈≈≈≈≈....#.⌠.#
.....#.≈≈≈≈≈.....#...#
.....#.≈≈≈.......#+###
'#####...........#
...).............#
▓▓▓▓▓▓▓▓▓▓▓▓▓▓▓▓▓▓


You could see a water elemental.

Vanquished Creatures
  Crazy Yiuf (D)
  A human (D)
  An ooze (D)
  3 rats (D)
6 creatures vanquished.

Vanquished Creatures (others)
  2 draconian scorchers (D)
  6 hellions (D)
  A yaktaur (D)
  3 plants (D)
12 creatures vanquished.

Grand Total: 18 creatures vanquished

Notes
Turn   | Place    | Note
-------+----------+-------------------------------------------
     0 | D        | KristoblXynda the Draconian Gladiator began the quest for the Orb.
     0 | D        | Reached XP level 1. HP: 17/17 MP: 1/1
    14 | D        | Reached skill level 4 in Long Blades
    34 | D        | Noticed Crazy Yiuf
    48 | D        | Killed Crazy Yiuf
    48 | D        | Reached skill level 5 in Long Blades
    48 | D        | Reached XP level 2. HP: 22/24 MP: 2/2
    48 | D        | Reached XP level 3. HP: 26/29 MP: 3/3
    98 | D        | Killed a hellion
   100 | D        | Killed a hellion
   101 | D        | Killed a hellion
   102 | D        | Killed a hellion
   137 | D        | Killed a hellion
   141 | D        | Killed a white draconian scorcher
   161 | D        | Killed a yaktaur
   162 | D        | Killed a white draconian scorcher
   163 | D        | Killed a hellion
   166 | D        | Reached skill level 6 in Long Blades
   434 | D        | Noticed a water elemental
   439 | D        | Mangled by a water elemental

Vault maps used:
D:        dungeon_sprint_mu

Skill      XL: |  1  2  3 |
---------------+----------+-----
Throwing       | 2 |  2.3
Dodging        | 4 |  4.5
Long Blades    | 5 6 |  6.4
Fighting       | |  2.1

Action                   || total
-------------------------++-------
Melee: Long sword        ||    23
       Tailslap          ||     4
Throw: Throwing net      ||     1
  Use: Potion            ||     2
       Scroll            ||     2
 Stab: Sleeping          ||     1
       Held in net/web   ||     3
Armor: Skin              ||     1
Dodge: Dodged            ||    11
       Rpst.: Long sword ||     3

Table legend:
 A = Spawn XP
 B = Non-spawn XP
 C = Spawn XP percentage of total XP
 D = Spawn monster count
 E = Non-spawn monster count
 F = Spawn count percentage of total count
 G = Total turns spent on level
                    A         B        C        D         E        F      G
               +---------+---------+-------+---------+---------+-------+---------
         Total |       0 |      76 |   0.0 |       0 |       6 |   0.0 |   439
               +---------+---------+-------+---------+---------+-------+---------
             D |       0 |      76 |   0.0 |       0 |       6 |   0.0 |   439
               +---------+---------+-------+---------+---------+-------+---------
